 Dungeon Crawl Stone Soup version 0.22-a0-86-g94e0ad4 (webtiles) character file.

9 trillen the Sneak (level 2, -1/15 HPs)
             Began as a Vine Stalker Assassin on Dec 30, 2017.
             Slain by a gnoll
             ... wielding a cursed +0 spear
              (5 damage)
             ... on level 1 of the Dungeon on Jan 21, 2018.
             The game lasted 00:03:51 (302 turns).

trillen the Sneak (Vine Stalker Assassin)            Turns: 302, Time: 00:03:52

Health: -1/15      AC:  3    Str: 13    XL:     2   Next: 16%
Magic:  0/3        EV: 11    Int: 11    God:
Gold:   6          SH:  0    Dex: 15    Spells: 1/1 levels left

rFire    . . .     SeeInvis .   a - +2 dagger
rCold    . . .     Gourm    .   (no shield)
rNeg     . . .     Faith    .   c - +0 robe
rPois    .         Spirit   +   (no helmet)
rElec    .         Reflect  .   d - +0 cloak
rCorr    .         Harm     .   (no gloves)
MR       .....                  (no boots)
Stlth    +++.......             (no amulet)
HPRegen  0.05/turn              (no ring)
MPRegen  0.08/turn              (no ring)

@: no status effects
A: fangs 2, magic shield, antimagic bite, no potion heal 3, rot immunity
a: no special abilities


You were on level 1 of the Dungeon.
You were not hungry.

You visited 1 branch of the dungeon, and saw 1 of its levels.

You collected 6 gold pieces.

Inventory:

Hand Weapons
 a - a +2 dagger (weapon)
 b - a +0 blowgun
 i - a +0 dagger
Missiles
 e - 8 poisoned needles
 f - 2 curare-tipped needles
Armour
 c - a +0 robe (worn)
 d - a +0 cloak (worn)
Scrolls
 h - 2 scrolls of teleportation {unknown}
 j - a scroll of enchant weapon {unknown}
 l - a scroll of noise {unknown}
Comestibles
 g - a ration
 k - a chunk of flesh


   Skills:
 + Level 1.9 Fighting
 + Level 2.0 Short Blades
 + Level 2.0 Throwing
 + Level 0.7 Dodging
 + Level 5.0 Stealth


You had one spell level left.
You didn't know any spells.

Dungeon Overview and Level Annotations

Branches:
Dungeon (1/15)

Altars:


Innate Abilities, Weirdness & Mutations

You have extremely sharp teeth.
When hurt, damage is shared between your health and your magic reserves.
Your bite disrupts and absorbs the magic of your enemies.
Potions cannot restore your health.
You are immune to rotting.


Message History

You hit the hobgoblin.
You kill the hobgoblin!
The giant cockroach closely misses you.
The gnoll hits you from afar with a spear!
* * * LOW HITPOINT WARNING * * *
A kobold comes into view. It is wielding a dagger.
The giant cockroach closely misses you.
The giant cockroach bites you but does no damage.
The giant cockroach barely misses you.
You hit the giant cockroach.
The giant cockroach is heavily wounded.
The giant cockroach barely misses you.
You hit the giant cockroach.
The giant cockroach is severely wounded.
The giant cockroach completely misses you.
The gnoll barely misses you.
You hit the giant cockroach.
You kill the giant cockroach!
The gnoll hits you from afar with a spear!
You die...

...# .#.#. .. ###..## ...#. .. ..
..... ..... #..#.## #..# #####
#.... ...#..###..###...###....
....................... ##++##
#....#..###........##.....
#....###....#.......####..##.....
......##....##..@.g....#..##.....
.⌠..[.##....##.........#..##..)..
.......#....##.#)#.#####..##.....
⌠......#.............. ...##.....
(.##...#.....#.#.##.## #.##.....#
.####..#÷....#.#.# .# #.....#
.(<>'..'.....#.#.# .# #.....#
.####..#)......#.# .# #...K.#
.(##...#...#.###.##..


You could see a gnoll.

Vanquished Creatures
  A giant cockroach (D:1)
  A goblin (D:1)
  3 hobgoblins (D:1)
  A kobold (D:1)
  3 rats (D:1)
9 creatures vanquished.

Notes
Turn   | Place    | Note
-------+----------+-------------------------------------------
     0 | D:1      | trillen the Vine Stalker Assassin began the quest for the Orb.
     0 | D:1      | Reached XP level 1. HP: 11/11 MP: 2/2
   239 | D:1      | Upgraded the game from 0.21-a0-641-geef9d7f to 0.22-a0-86-g94e0ad4
   278 | D:1      | Reached skill level 5 in Stealth
   278 | D:1      | Reached XP level 2. HP: 15/15 MP: 3/3
   302 | D:1      | Slain by a gnoll

Vault maps used:
D:1:      dpeg_arrival_refuge, serial_park_tiny_2, corner_web_ring

Skill      XL: |  1 |
---------------+----+-----
Throwing       | 2 |  2.0
Short Blades   | 2 |  2.0
Stealth        | 5 |  5.0
Fighting       | |  1.9
Dodging        | |  0.7

Action                   || total
-------------------------++-------
Melee: Dagger            ||    24
       Bite              ||     3
Armor: Robe              ||     6
Dodge: Dodged            ||    20

Table legend:
 A = Spawn XP
 B = Non-spawn XP
 C = Spawn XP percentage of total XP
 D = Spawn monster count
 E = Non-spawn monster count
 F = Spawn count percentage of total count
 G = Total turns spent on level
                    A         B        C        D         E        F      G
               +---------+---------+-------+---------+---------+-------+---------
         Total |       0 |      14 |   0.0 |       0 |       9 |   0.0 |   302
               +---------+---------+-------+---------+---------+-------+---------
           D:1 |       0 |      14 |   0.0 |       0 |       9 |   0.0 |   302
               +---------+---------+-------+---------+---------+-------+---------
